 Dungeon Crawl Stone Soup version 0.22-a0-443-g17c3723 (webtiles) character file.

17 Ijustatesigmund the Cudgeler (level 2, -7/31 HPs)
             Began as an Ogre Gladiator on May 31, 2018.
             Mangled by a gnoll
             ... wielding a +0 whip
              (11 damage)
             ... on level 1 of the Dungeon.
             The game lasted 00:02:02 (405 turns).

Ijustatesigmund the Cudgeler (Ogre Gladiator)        Turns: 405, Time: 00:02:03

Health: -7/31      AC:  2    Str: 17    XL:     2   Next: 62%
Magic:  2/2        EV: 10    Int:  9    God:
Gold:   22         SH:  0    Dex: 10    Spells: 1/1 levels left

rFire    . . .     SeeInvis .   a - +0 flail
rCold    . . .     Gourm    .   (no shield)
rNeg     . . .     Faith    .   b - +0 robe
rPois    .         Spirit   .   c - +0 hat
rElec    .         Reflect  .   (no cloak)
rCorr    .         Harm     .   (gloves unavailable)
MR       .....     Clarity  +   (boots unavailable)
Stlth    +.........             (no amulet)
HPRegen  0.10/turn              (no ring)
MPRegen  0.08/turn              (no ring)

@: no status effects
A: large, unfitting armour, clarity, deformed body, tough skin 1
a: no special abilities


You were on level 1 of the Dungeon.
You were not hungry.

You visited 1 branch of the dungeon, and saw 1 of its levels.

You collected 22 gold pieces.

Inventory:

Hand Weapons
 a - a +0 flail (weapon)
Missiles
 d - 2 throwing nets (quivered)
Armour
 b - a +0 robe (worn)
 c - a +0 hat (worn)
Comestibles
 f - a ration


   Skills:
 + Level 3.2 Fighting
 * Level 3.2 Maces & Flails
 - Level 2.0 Throwing
 - Level 2.6 Dodging


You had one spell level left.
You didn't know any spells.
Your spell library was empty.

Dungeon Overview and Level Annotations

Branches:
Dungeon (1/15)

Altars:


Innate Abilities, Weirdness & Mutations

You are too large for most types of armour.
You have tough skin. (AC +1)
You possess an exceptional clarity of mind.
Armour fits poorly on your strangely shaped body.


Message History

You are too injured to fight recklessly!
You are too injured to fight recklessly!
You are too injured to fight recklessly!
You are too injured to fight recklessly!
You are too injured to fight recklessly!
You are too injured to fight recklessly!
You are too injured to fight recklessly!
You are too injured to fight recklessly!
You are too injured to fight recklessly!
You are too injured to fight recklessly!
You are too injured to fight recklessly!
You are too injured to fight recklessly!
You hit the gnoll.
The gnoll is severely wounded.
The gnoll hits you with a whip. x2
* * * LOW HITPOINT WARNING * * *
You barely miss the gnoll.
The gnoll is severely wounded.
The gnoll hits you with a whip!
You die...

...###### .#......# .#
.. .......##.##.####
#......##........
#......##.r......
######....[.##.. .....
#....#..)...##.#....#
###....##K######.#....##
.?.....@gb.†.†..........
##########.#####†#....#
#.# #.##..## #.# #.##..#
#.. #.##..# ##.# #.##..#
#..###.##..#
#..........#
#...##.###.#


You could see a gnoll, a bat and a kobold.

Vanquished Creatures
  2 dart slugs (D:1)
  A ball python (D:1)
  A goblin (D:1)
  3 hobgoblins (D:1)
  3 bats (D:1)
  A kobold (D:1)
  2 rats (D:1)
13 creatures vanquished.

Notes
Turn   | Place    | Note
-------+----------+-------------------------------------------
     0 | D:1      | Ijustatesigmund the Ogre Gladiator began the quest for the Orb.
     0 | D:1      | Reached XP level 1. HP: 22/22 MP: 1/1
    75 | D:1      | Reached XP level 2. HP: 6/31 MP: 2/2
   387 | D:1      | Gained mutation: Armour fits poorly on your strangely shaped body. [potion of mutation]
   387 | D:1      | Gained mutation: You possess an exceptional clarity of mind. [potion of mutation]
   405 | D:1      | Mangled by a gnoll

Vault maps used:
D:1:      minmay_arrival_four_houses

Skill      XL: |  1 |
---------------+----+-----
Maces & Flails | 3 |  3.2
Fighting       | 3 |  3.2
Throwing       | |  2.0
Dodging        | |  2.6

Action                   || total
-------------------------++-------
Melee: Flail             ||    35
Throw: Throwing net      ||     3
  Use: Potion            ||     2
       Scroll            ||     1
 Stab: Sleeping          ||     1
Armor: Robe              ||    14
Dodge: Dodged            ||    35

Table legend:
 A = Spawn XP
 B = Non-spawn XP
 C = Spawn XP percentage of total XP
 D = Spawn monster count
 E = Non-spawn monster count
 F = Spawn count percentage of total count
 G = Total turns spent on level
                    A         B        C        D         E        F      G
               +---------+---------+-------+---------+---------+-------+---------
         Total |       0 |      25 |   0.0 |       0 |      13 |   0.0 |   405
               +---------+---------+-------+---------+---------+-------+---------
           D:1 |       0 |      25 |   0.0 |       0 |      13 |   0.0 |   405
               +---------+---------+-------+---------+---------+-------+---------
